Unix NetHack Version 5.0.0-0 post-release - last build Jul 19 2026 19:10:59 (3aa4ab31751d3886436d94b585a96704892fd477,branch:main).

Game began 2026-07-26 01:22:39, ended 2026-07-26 01:37:38.

HumaRuntu, neutral female human Valkyrie

                                                                   ----
                                                                   |.*-----
                                                                   --..--.-
                                                                    |<....)|
                                                                 ----..)...---
                                                                 .....*......|
                                                                 ...----.....|
                                                                       --....|
                                                                        |...--
                                                                        |.---
                                                                        |.--
                                                                        |..-
                                                                        |....-
                                                                        |..h@d|
                                                                        |.....|
                                                                        ---.---

HumaRuntu the Stripling     St:16 Dx:14 Co:18 In:10 Wi:8 Ch:9  Neutral
Dlvl:3  $:12 HP:0(16) Pw:2(2) AC:5  Xp:1 T:1120  Hungry  

Latest messages:
 You swap places with your little dog.
 You swap places with your little dog.
 You swap places with your little dog.
 You swap places with your little dog.
 An aklys misses you.
 The aklys returns to its hand!
 The little dog bites the gnome.
 The gnome is killed!
 A trap door in the ceiling opens and a rock falls on your head!
 Fortunately, you are wearing a hard helmet.
 q - an oil lamp.
 You are hit by a dagger.
 You are almost hit by a dagger.
 The gnome lord thrusts his dagger.
 The gnome lord just misses!
 The gnome hits!
 You see here 2 daggers.
 The little dog picks up a dagger.
 The little dog misses it.
 The little dog misses it.
 The little dog bites it.
 The little dog bites it.
 It hits the little dog.
 The gnome lord picks up a dagger.
 There is a falling rock trap here.
 You escape a falling rock trap.
 The little dog is hit by a rock!
 You miss the gnome lord.
 The rock hits the gnome lord.
 The gnome lord thrusts one of his daggers.
 The gnome lord hits!
 The gnome lord picks up 4 daggers.
 The little dog drops a dagger.
 You are hit by a dagger.
 You are hit by a rock.
 The little dog picks up a dagger.
 You are hit by a rock.
 You are beginning to feel hungry.
 What do you want to eat? [dfj or ?*] <esc>
 Never mind.
 You swap places with your little dog.
 You swap places with your little dog.
 You stop.  Your little dog is in the way!
 You are hit by an aklys!
 You are hit by an aklys.
 The hobbit thrusts one of his daggers.
 The hobbit hits!
 You die...
 Do you want your possessions identified? [ynq] (y) y
 Do you want to see your attributes? [ynq] (y) q

Inventory:
 Coins    ('$')
  $ - 12 gold pieces
 Amulets  ('"')
  o - an uncursed amulet of ESP
 Weapons  (')')
  b - a +0 dagger (alternate weapon; not wielded)
  a - a rusty +1 spear (weapon in right hand)
 Armor    ('[')
  i - an uncursed +0 helm of caution (being worn)
  c - an uncursed +3 small shield (being worn)
 Comestibles  ('%')
  d - 2 uncursed food rations
  j - an uncursed lembas wafer
  f - an uncursed tripe ration
 Scrolls  ('?')
  m - an uncursed scroll of enchant weapon
  h - an uncursed scroll of fire
  l - an uncursed scroll of scare monster
 Spellbooks  ('+')
  k - an uncursed spellbook of extra healing
 Potions  ('!')
  p - an uncursed potion of confusion
  g - an uncursed potion of restore ability
 Tools    ('(')
  n - a cursed figurine of a snake
  e - an uncursed oil lamp
  q - a cursed oil lamp

HumaRuntu the Valkyrie's attributes:

Background:
 You were a Stripling, a level 1 human Valkyrie.
 You were neutral, nominally on a mission for Odin
 who was opposed by Tyr (lawful) and Loki (chaotic).
 You were right-handed.
 You were in the Gnomish Mines, on level 3.
 You entered the dungeon 1120 turns ago.
 It was nighttime.
 You had 15 experience points, 5 more were needed to attain level 2.

Basics:
 You had 0 out of 16 hit points.
 You had both energy points (spell power).
 Your armor class was 5.
 Your wallet contained 12 zorkmids.
 Autopickup was on for '$?!/="+' plus thrown.

Final Characteristics:
 Your strength was 16 (limit:18/100).
 Your dexterity was 14 (limit:18).
 Your constitution was 18 (limit:18).
 Your intelligence was 10 (limit:18).
 Your wisdom was 8 (limit:18).
 Your charisma was 9 (limit:18).

Final Status:
 You were hungry.
 You were unencumbered.
 You were wielding a spear.
 You had basic skill with spear.

Final Attributes:
 You were stridently aligned.
 You were cold resistant.
 You were warned.
 You are dead.

Miscellaneous:
 You didn't encounter any bones levels.
 Total elapsed playing time was 14 minutes and 58 seconds.

Major events:
 Turn
    1: HumaRuntu the neutral human Valkyrie entered the dungeon
 1030: entered the Gnomish Mines
 1120: killed by a hobbit

You didn't know any spells.

Skills:
 Fighting Skills
   bare handed combat [Unskilled]
   two weapon combat  [Unskilled]
   riding             [Unskilled]
 Weapon Skills
   dagger             [Basic]
   axe                [Unskilled]
   pick-axe           [Unskilled]
   short sword        [Unskilled]
   broadsword         [Unskilled]
   long sword         [Unskilled]
   two-handed sword   [Unskilled]
   saber              [Unskilled]
   hammer             [Unskilled]
   quarterstaff       [Unskilled]
   polearms           [Unskilled]
   spear              [Basic]
   trident            [Unskilled]
   lance              [Unskilled]
   sling              [Unskilled]
 Spellcasting Skills
   attack spells      [Unskilled]
   escape spells      [Unskilled]

Voluntary challenges:
 Character rerolling was not enabled.
 You were an atheist.
 You were illiterate.
 You never genocided any monsters.
 You never polymorphed an object.
 You never changed form.
 You used no wishes.
Achievements:
 You entered a shop.
 You entered the Gnomish Mines.

 The Dungeons of Doom: levels 1 to 3
    Level 1:
       A fountain.
    Level 2:
       A general store, a fountain.
       Stairs down to The Gnomish Mines.
    Level 3:
 The Gnomish Mines:
    Level 3: <- You were here.
       Final resting place for
          you, killed by a hobbit.


Vanquished creatures:
  a dwarf
  4 gnomes
  3 jackals
  a fox
  2 goblins
  4 grid bugs
  a kobold zombie
  4 newts
20 creatures vanquished.

No species were genocided or became extinct.

Game over:
                       ----------
                      /          \
                     /    REST    \
                    /      IN      \
                   /     PEACE      \
                  /                  \
                  |    HumaRuntu     |
                  |      12 Au       |
                  |   killed by a    |
                  |      hobbit      |
                  |                  |
                  |                  |
                  |       2026       |
                 *|     *  *  *      | *
        _________)/\\_//(\/(/\)/\//\/|_)_______

Farvel HumaRuntu the Valkyrie...

You died in The Gnomish Mines on dungeon level 3 with 171 points,
and 12 pieces of gold, after 1120 moves.
You were level 1 with a maximum of 16 hit points when you died.

